Map: King Sejong Station LE

Players

Fropez - Winner!

  • Race: Protoss Protoss
  • League: Silver
  • Spawn Location: 11:00

Calmmetal

  • Race: Protoss Protoss
  • League: Silver
  • Spawn Location: 5:00

VOD

Have the link to the VOD?

Description

Time

  • Played on: May 30, 2016, 9:33 p.m.
  • Length: 8:59
Show
View Real Time Build Order
Export as new Build Order

Fropez Protoss - Winner!

Build Orders:  

Get SALT Encoding   

  12  0:03  Probe (Chrono Boost)  
  13  0:16  Pylon  
  13  0:18  Probe (Chrono Boost)  
  14  0:28  Probe (Chrono Boost)  
  15  0:35  Gateway  
  15  0:39  Probe (Chrono Boost)  
  16  0:45  Assimilator  
  17  0:50  Probe (Chrono Boost)  
  17  1:00  Probe (Chrono Boost)  
  18  1:05  Pylon  
  18  1:11  Probe (Chrono Boost)  
  19  1:21  Probe (Chrono Boost)  
  20  1:27  Cybernetics Core  
  20  1:32  Probe (Chrono Boost)  
  21  1:45  Pylon, Gateway  
  21  1:46  Probe (Chrono Boost)  
  22  1:52  Assimilator  
  22  1:57  Probe (Chrono Boost)  
  23  2:03  Warp Gate (Chrono Boost)  
  23  2:08  Mothership Core (Chrono Boost)  
  25  2:17  Pylon  
  25  2:19  Stalker  
  27  2:32  Pylon  
  27  2:33  Probe (Chrono Boost)  
  28  2:37  Stalker  
  30  2:49  Stalker  
  30  2:50  Probe  
  33  3:06  Probe  
  33  3:08  Stalker  
  36  3:18  Pylon, Probe  
  37  3:25  Stalker  
  39  3:39  Probe  
  38  4:07  Gateway x2  
  38  4:08  Probe  
  39  4:11  Stalker x2  
  43  4:37  Stalker x2  
  47  4:42  Probe  
  48  4:51  Twilight Council  
  48  4:58  Probe  
  49  5:06  Nexus  
  49  5:07  Pylon x2  
  49  5:08  Stalker  
  51  5:24  Pylon, Stalker  
  51  5:40  Probe  
  52  5:46  Blink (Chrono Boost)  
  52  5:52  Probe  
  52  5:53  Stalker x2  
  57  6:07  Stalker  
  57  6:08  Stalker  
  57  6:09  Probe  
  62  6:33  Probe  
  62  6:34  Probe  
  62  6:35  Robotics Facility  
  64  6:43  Assimilator  
  64  6:46  Stalker x3  
  70  6:47  Assimilator  
  70  6:54  Probe  
  70  6:55  Probe  
  70  6:59  Stalker  
  65  7:25  Stalker x4  
  67  8:17  Stalker x4  
  73  8:30  Observer  
  74  8:36  Gateway  
  74  8:37  Gateway  
  74  8:41  Gateway  
  74  8:43  Forge  
  74  8:46  Stalker  
  74  8:47  Forge, Stalker  
  78  8:48  Pylon  
  78  8:49  Pylon  
Show
View Real Time Build Order
Export as new Build Order

Calmmetal Protoss 

Build Orders:  

Get SALT Encoding   

  12  0:04  Probe (Chrono Boost)  
  13  0:14  Probe (Chrono Boost)  
  14  0:22  Pylon  
  14  0:27  Probe (Chrono Boost)  
  15  0:40  Probe (Chrono Boost)  
  16  0:46  Gateway  
  16  0:52  Probe (Chrono Boost)  
  17  1:01  Gateway  
  17  1:07  Assimilator  
  17  1:10  Probe (Chrono Boost)  
  18  1:20  Pylon, Probe (Chrono Boost)  
  19  1:31  Probe (Chrono Boost)  
  20  1:41  Cybernetics Core  
  20  1:44  Probe (Chrono Boost)  
  21  1:48  Zealot  
  21  1:50  Zealot  
  25  1:59  Probe (Chrono Boost), Assimilator  
  26  2:10  Gateway  
  26  2:21  Pylon  
  26  2:24  Warp Gate (Chrono Boost)  
  26  2:49  Mothership Core  
  28  2:58  Stalker  
  30  3:11  Probe  
  31  3:13  Stalker  
  33  3:21  Stalker  
  35  3:35  Pylon  
  31  4:22  Stalker x2  
  31  4:42  Robotics Facility  
  31  5:01  Stalker x2  
  35  5:10  Stalker  
  37  5:25  Stalker x2  
  41  5:37  Warp Prism (Chrono Boost)  
  43  5:52  Gateway  
  43  5:54  Gateway, Stalker x2  
  45  6:55  Stalker  
  47  7:05  Pylon  
  47  7:07  Pylon  
  45  7:09  Pylon  
  27  7:30  Stalker x3  
  27  7:31  Stalker  
  35  7:39  Twilight Council  
  29  7:55  Stalker  
  29  7:56  Stalker x3  
  15  8:25  Pylon  
Tags
 
Matchup
PvP
Replay Pack
All Mines
Spawn Locations
Cross Positions
Add a new tag
Caveats
  • Supply blocks, unpowered buildings, or Contaminate may cause inaccurate times.
  • Supply counts are checked every 10 seconds.